 Dungeon Crawl Stone Soup version 0.29-a0-1047-g7c58e119a4 (webtiles) character file.

Game seed: 15025778438343725030

119 nickcage the Poker (level 5, -1/38 HPs)
             Began as a Merfolk Gladiator on Aug 16, 2022.
             Was an Initiate of the Shining One.
             Slain by an iron imp (9 damage)
             ... summoned by Eustachio
             ... on level 4 of the Dungeon.
             The game lasted 00:07:24 (4230 turns).

nickcage the Poker (Merfolk Gladiator)              Turns: 4230, Time: 00:07:31

Health: -1/38      AC:  0    Str: 13 (16) XL:     5   Next: 3%
Magic:  5/5        EV: 21    Int:  5 (7)  God:    the Shining One [......]
Gold:   273        SH:  0    Dex: 18 (21) Spells: 4/4 levels left

rFire   . . .      SeeInvis .   (weapon currently unavailable)
rCold   . . .      Faith    .   (shield currently unavailable)
rNeg    . . .      Spirit   .   (body armour currently unavailable)
rPois   .          Reflect  .   (helmet currently unavailable)
rElec   .          Harm     .   (cloak currently unavailable)
rCorr   .          Rampage  .   (gloves currently unavailable)
Will    .....                   (boots currently unavailable)
Stlth   +.........              (no amulet)
HPRegen 0.12/turn               (ring currently unavailable)
MPRegen 0.09/turn               (ring currently unavailable)

@: brilliant, bat-form (expiring), attractive, flying, glowing, very quick
A: fast, flying, no casting, tiny, (nimble swimmer 2), (mertail)
a: Renounce Religion


You were on level 4 of the Dungeon.
You worshipped the Shining One.
The Shining One was noncommittal.
You were a bat.
You visited 1 branch of the dungeon, and saw 4 of its levels.

You collected 273 gold pieces.

Inventory:

Hand Weapons
 a - a +0 trident (melded)
Missiles
 d - 3 throwing nets
 e - a javelin
 t - 10 poisoned darts (quivered)
 x - 3 silver javelins
Armour
 b - a +0 leather armour
 c - a +0 helmet (melded)
 p - a +0 ring mail
 y - a +0 chain mail (melded)
Jewellery
 i - an amulet of magic regeneration
Wands
 D - a wand of paralysis (8)
Scrolls
 h - 4 scrolls of poison {unknown}
 j - 7 scrolls of identify {unknown}
 k - 2 scrolls of vulnerability {unknown}
 l - a scroll of amnesia {unknown}
 m - 5 scrolls of fog {unknown}
 o - 4 scrolls of teleportation {unknown}
 q - 4 scrolls of fear {unknown}
 s - 2 scrolls of enchant weapon {unknown}
 u - a scroll of torment {unknown}
 v - a scroll of noise {unknown}
 A - a scroll of immolation {unknown}
 B - a scroll of summoning {unknown}
 E - a scroll of magic mapping {unknown}
Potions
 n - a potion of curing
 r - a potion of attraction
 C - a potion of haste {unknown}


   Skills:
 - Level 2.1 Fighting
 + Level 7.3 Polearms
 - Level 2.0 Throwing
 - Level 4.0 Dodging


You had 4 spell levels left.
You didn't know any spells.
Your spell library contained the following spells:

 Spells                   Type           Power      Damage    Failure   Level
 Conjure Flame            Conj/Fire      0%         6-21      85%         3
 Ignite Poison            Fire/Tmut/Pois 0%         N/A       85%         3
 Sticky Flame             Conj/Fire      0%         2d3       99%         4


Dungeon Overview and Level Annotations

Branches:
Dungeon (4/15)
 Temple: D:4-7

Altars:
Elyvilon
The Shining One

Shops:
D:1 [

Annotations:
D:4 Eustachio, Sigmund


Innate Abilities, Weirdness & Mutations

You are a bat.
You are tiny and dextrous.
You move quickly.
You are flying.
Your equipment is almost entirely melded.
You are incapable of wielding weapons or throwing items.
You cannot cast spells.
((You are very nimble when in or above water. (Stealth+, EV+, Speed+++)))
((Your lower body shifts to a powerful aquatic tail in water.))


Message History

It was a potion of flight.
You feel more buoyant.
The white imp misses you. x2; The iron imp completely misses you.
It was a potion of attraction.
You feel attractive to monsters.
Eustachio mumbles some strange words.
Eustachio blinks!
The white imp gestures at you. The puff of frost misses you.
The puff of frost hits the white imp.
The white imp completely resists.
The white imp gestures at you. The puff of frost misses you.
The puff of frost hits the white imp.
The white imp completely resists.
The iron imp completely misses you. Eustachio is attracted toward you.
It was a potion of magic.
Magic courses through your body. The white imp hits you.
* * * LOW HITPOINT WARNING * * *
The white imp freezes you.
* * * LOW HITPOINT WARNING * * *
The white imp misses you.
It was a potion of brilliance.
You feel clever all of a sudden.
Your transformation is almost over.
The iron imp closely misses you.
Eustachio mumbles some strange words.
The white imp misses you. The white imp closely misses you.
You feel better.
Eustachio mumbles some strange words.
The iron imp barely misses you. The white imp barely misses you.
The white imp shouts, "Quit, thou errant half-faced efter!"
The white imp gestures at you. The puff of frost hits you.
* * * LOW HITPOINT WARNING * * *
It was a potion of degeneration.
There was something very wrong with that liquid.
You feel weakened.
You feel dopey.
You feel clumsy.
The white imp disappears in a puff of smoke!
Eustachio asks, "How can you live without manners, virtues and honour?"
Eustachio casts a spell.
Eustachio blinks!
The white imp completely misses you. The iron imp hits you!
You die...

####### #b§5b§######
#.@..rr###5.....##
#.....# ######..##
...$... #.......#####
.#####..###...........#
#............###...
##.###.......##
#............#
#...####.###r#


You could see Eustachio, an iron imp (summoned), a river rat (summoned), a white
imp (summoned), a quokka (summoned) and a bat (summoned).

Vanquished Creatures
  5 adders
  2 worms
  3 bats
  11 endoplasms
  5 giant cockroaches
  5 goblins
  9 hobgoblins
  4 kobolds
  2 quokkas
  10 ball pythons
  4 frilled lizards
  3 rats
63 creatures vanquished.

Notes
Turn   | Place    | Note
-------+----------+-------------------------------------------
     0 | D:1      | nickcage the Merfolk Gladiator began the quest for the Orb.
     0 | D:1      | Reached XP level 1. HP: 16/16 MP: 1/1
   138 | D:1      | Reached XP level 2. HP: 22/22 MP: 2/2
   165 | D:1      | Reached skill level 5 in Polearms
   420 | D:1      | Reached XP level 3. HP: 27/27 MP: 3/3
   421 | D:1      | Found Leappuvy's Armour Boutique.
  1067 | D:2      | Reached skill level 6 in Polearms
  1227 | D:2      | Reached XP level 4. HP: 33/33 MP: 4/4
  1955 | D:2      | Reached skill level 7 in Polearms
  2726 | D:3      | Found a white marble altar of Elyvilon.
  2865 | D:3      | Reached XP level 5. HP: 38/38 MP: 5/5
  3038 | D:3      | Found a glowing golden altar of the Shining One.
  3188 | D:3      | Became a worshipper of the Shining One
  3325 | D:4      | Noticed Eustachio
  4048 | D:4      | Noticed Sigmund
  4230 | D:4      | Slain by an iron imp

Illustrated notes

Levels and vault maps discovered:
D:1:      dpeg_arrival_pond, layout_rooms, serial_shops, nicolae_shop_crystal,
          hangedman_abyss_or_decor_lesser_grid, moated_statue,
          minmay_crystal_room, minmay_misc_feat_ornament
D:2:      wad_crossroads, layout_loops_corners, chequers_avenue,
          guppyfry_early_lair_pool
D:3:      layout_loops_corners, nicolae_tso_swordbearing_angel,
          nicolae_elyvilon_peaceful_grove, kennysheep_nub
D:4:      layout_rooms, grunt_decor_one_mirror, uniq_eustachio, uniq_sigmund,
          uniq_blork_the_orc

Skill      XL: |  1  2  3  4 |
---------------+-------------+-----
Polearms       | 5 6 7 |  7.3
Fighting       | |  2.1
Throwing       | |  2.0
Dodging        | |  4.0

Action                   |  1- 3 |  4- 6 || total
-------------------------+-------+-------++-------
Melee: Trident           |   101 |   115 ||   216
       Punch             |     1 |     2 ||     3
       Unarmed           |       |    16 ||    16
  Use: Potion            |       |     7 ||     7
 Stab: Sleeping          |     1 |       ||     1
Armor: Leather armour    |    18 |       ||    18
       Ring mail         |     3 |    14 ||    17
       Chain mail        |       |    61 ||    61
Dodge: Dodged            |    57 |   118 ||   175

Table legend: (Time is in decaauts)
 A = Elapsed time spent in this place.
 B = Non-inter-level travel time spent in this place.
 C = Inter-level travel time spent in this place.
 D = Time resting spent in this place.
 E = Time spent auto-exploring this place.
 F = Levels seen in this place.
 G = Mean time per level.
                   A        B        C        D        E       F      G
               +--------+--------+--------+--------+--------+-----+--------+
         Total |   4220 |   4032 |    188 |    824 |   2576 |   4 | 1055.0 |
       Dungeon |   4220 |   4032 |    188 |    824 |   2576 |   4 | 1055.0 |
               +--------+--------+--------+--------+--------+-----+--------+

Top non-repeatable levels by time:
     D:3: 1820 daAuts
     D:2: 1296 daAuts
     D:1: 928 daAuts
     D:4: 175 daAuts
